 Dungeon Crawl Stone Soup version 0.18.1-8-gdd0e5ea (webtiles) character file.

83703 Lathuz the Severer (level 15, -20/145 HPs)
             Began as a Minotaur Berserker on May 17, 2016.
             Was a High Priest of Trog.
             Blown up by an orb spider (45 damage)
             ... with an orb of destruction
             ... on level 1 of the Spider Nest on May 23, 2016.
             The game lasted 00:49:49 (23436 turns).

Lathuz the Severer (Minotaur Berserker)            Turns: 23436, Time: 00:49:50

Health: -20/145    AC: 30    Str: 23    XL:     15   Next: 33%
Magic:  24/24      EV:  9    Int:  9    God:    Trog [*****.]
Gold:   1868       SH:  0    Dex: 18    Spells: 0 memorised, 14 levels left

rFire  + . .     SeeInvis +     B - +7 executioner's axe of the Snake Pit {chop, rPois Dex+3 SInv}
rCold  . . .     Gourm    .     M - +2 plate armour {rF+}
rNeg   . . .     Faith    .     (shield currently unavailable)
rPois  +         Spirit   .     J - +3 hat of Pondering {ponderous, MR+ MP+10 Int+5}
rElec  .         Dismiss  +     u - +0 cloak
rCorr  .         Reflect  .     D - +1 pair of gloves {archery}
SustAt .         Harm     .     (no boots)
MR     ++++.                    a - amulet of dismissal
Stlth  ..........               L - +3 ring of protection
                                d - ring of poison resistance

@: regenerating, slow, incredibly resistant to hostile enchantments, extremely
unstealthy
A: retaliatory headbutt, horns 2
a: Berserk, Trog's Hand, Brothers in Arms, Burn Spellbooks, Renounce Religion


You were on level 1 of the Spider Nest.
You worshipped Trog.
Trog was extremely pleased with you.
You were not hungry.

You visited 5 branches of the dungeon, and saw 23 of its levels.

You collected 1976 gold pieces.
You spent 108 gold pieces at shops.

Inventory:

Hand Weapons
 b - a +1 antimagic battleaxe
 B - the +7 executioner's axe of the Snake Pit (weapon) {chop, rPois Dex+3 SInv}
   (Trog gifted it to you on level 6 of the Lair of Beasts)

   It inflicts extra damage upon your enemies.
   It affects your dexterity (+3).
   It protects you from poison.
   It lets you see invisible.
Missiles
 p - 19 stones (quivered)
Armour
 u - a +0 cloak (worn)
 D - a +1 pair of gloves of archery (worn)
 J - the +3 hat of Pondering (worn) {ponderous, MR+ MP+10 Int+5}
   (You took it off Gastronok on level 2 of the Lair of Beasts)

   It affects your intelligence (+5).
   It affects your resistance to hostile enchantments.
   It affects your magic capacity (+10).
 M - a +2 plate armour of fire resistance (worn)
Jewellery
 a - an amulet of dismissal (around neck)
 d - a ring of poison resistance (left hand)
 I - the ring "Jode" {rN+ Int+2, unknown}
   (You found it on level 6 of the Lair of Beasts)

   [ring of intelligence]

   It affects your intelligence (+2).
   It protects you from negative energy.
 L - a +3 ring of protection (right hand)
 N - a +3 ring of dexterity
 T - an uncursed amulet of faith {unknown}
Wands
 K - a wand of slowing (16/48)
 O - a wand of paralysis (8/24)
 P - a wand of disintegration (8/24)
Scrolls
 e - 7 scrolls of teleportation
 h - 3 scrolls of recharging
 i - 8 scrolls of identify
 o - 8 scrolls of remove curse
 v - 5 scrolls of magic mapping
 x - 3 scrolls of random uselessness
 y - 2 scrolls of fear
 F - 2 scrolls of enchant weapon
 G - a scroll of blinking {unknown}
 H - a scroll of vulnerability {unknown}
 Q - a scroll of silence {unknown}
 U - a scroll of fog
Potions
 k - a potion of beneficial mutation {unknown}
 l - 2 potions of heal wounds
 m - 9 potions of curing
 n - a potion of magic {unknown}
 q - 2 potions of mutation {unknown}
 r - 4 potions of haste {unknown}
 s - a potion of agility {unknown}
 t - 2 potions of flight {unknown}
 w - 4 potions of resistance {unknown}
 z - 3 potions of ambrosia {unknown}
 C - a potion of lignification {unknown}
 R - a potion of degeneration {unknown}
Comestibles
 c - 14 bread rations
 f - 8 meat rations
 g - 8 fruits
 j - 5 beef jerkies
 A - 8 slices of pizza
 E - 3 royal jellies


   Skills:
 + Level 16.6 Fighting
 * Level 20.5 Axes
 + Level 16.6 Armour
 - Level 2.1 Dodging


You had 14 spell levels left.
You didn't know any spells.

Dungeon Overview and Level Annotations

Branches:
Dungeon (11/15)            Temple (1/1) D:5            Lair (8/8) D:11
 Shoals (0/4) Lair:5       Spider (1/4) Lair:3        Slime (0/6) Lair:7
    Orc (2/2) D:10            Elf (0/3) Orc:2

Altars:
Ashenzari
Cheibriados
Dithmenos
Elyvilon
Fedhas
Gozag
Kikubaaqudgha
Makhleb
Nemelex Xobeh
Okawaru
Pakellas
Qazlal
Ru
Sif Muna
Trog
Vehumet
Xom
Yredelemnul
Zin
The Shining One
Beogh
Jiyva

Shops:
D:4 :   D:5 [   Orc:1 :   Orc:2 (*[:

Portals:
Hell: Lair:8

Annotations:
Lair:3 1 runed door


Innate Abilities, Weirdness & Mutations

You reflexively headbutt those who attack you in melee.
You have a pair of horns on your head.


Message History

The orb spider weaves a glowing orb of energy.
An orb of destruction comes into view.
Found an escape hatch in the floor.
Found 22 sling bullets.
The orb of destruction hits you!
* * * LOW HITPOINT WARNING * * *
The orb spider begins to weave its threads into a brightly glowing ball.
Found a rapier.
The orb spider weaves a glowing orb of energy.
Found a scroll of teleportation.
An orb of destruction comes into view.
The orb spider spins a strand of pure energy.
The orb spider weaves a glowing orb of energy.
The wavering orb of destruction weakly hits you!
* * * LOW HITPOINT WARNING * * *
Your amulet of dismissal vibrates suddenly!
The orb spider disappears!
There is an escape hatch in the floor here.
The orb of destruction hits you!
You die...

#≈## ####.#≈# ###
#......# #≈## # ##
.....(## ##†≈##
##≈#.###......## ##..≈≈#
#.^............####...≈≈#
......§.......###.##....#
.......>@......†.........
...).....§...............
.........§...............
..........§§......†......
............s...<..†.(...
..?..........§....†......
.........................
................(........
...................†..


You could see an orb spider.

Vanquished Creatures
  Gastronok (Lair:2)
  2 orc warlords (Orc:2)
  Snorg (Lair:5)
  7 hydras
  Fannar (Lair:2)
  The ghost of Moloch the Severer, a journeyman HOFi of Okawaru (Orc:1)
  11 death yaks
  3 orc high priests (Orc:2)
  6 orc knights (Orc:2)
  A lindwurm (Lair:8)
  A hill giant (D:10)
  A wizard (Lair:8)
  3 orc sorcerers
  2 orb spiders (Spider:1)
  3 griffons
  3 wolf spiders (Spider:1)
  A cyclops (Orc:2)
  An ugly thing (D:11)
  23 elephants
  A hornet (Spider:1)
  5 black mambas
  2 torpor snails
  An orange demon (Lair:8)
  A centaur skeleton (D:11)
  The ghost of Bubs the Shield-Bearer, a novice FoFi (D:3)
  11 spiny frogs
  13 rime drakes
  Psyche (D:8)
  5 komodo dragons
  A red devil (Lair:8)
  2 trolls
  A polar bear (Lair:8)
  8 jumping spiders
  A two-headed ogre (Orc:2)
  9 blink frogs
  8 redbacks
  7 wyverns
  40 yaks
  A hungry ghost (D:10)
  6 basilisks
  A human (D:9)
  14 hippogriffs
  A steam dragon (D:8)
  5 wargs
  A hell hound (Lair:8)
  14 water moccasins
  The ghost of Chiseanne the Vexing, an amateur DEAM (D:4)
  16 porcupines
  34 orc warriors
  5 sky beasts
  4 ice beasts
  2 phantoms
  A wasp (D:11)
  22 wolves
  13 ogres
  6 centaurs
  25 crocodiles
  2 big kobolds (D:11)
  11 giant frogs
  2 scorpions
  13 killer bees
  8 wights
  3 electric eels (Lair:4)
  5 crimson imps
  2 giant frog zombies (D:9)
  4 hounds
  17 orc priests
  Crazy Yiuf (D:3)
  A giant frog skeleton (D:6)
  2 jellies (D:5)
  22 orc wizards
  4 iguanas
  Natasha (D:3)
  7 worker ants
  46 sheep
  2 hound zombies
  8 adders
  A howler monkey skeleton (D:9)
  62 river rats
  2 shadow imps
  An ooze (D:7)
  An adder skeleton (D:3)
  A worm (D:4)
  A dart slug (D:2)
  2 giant geckos
  75 orcs
  8 giant cockroaches
  8 goblins
  4 hobgoblins
  12 jackals
  17 kobolds
  6 quokkas
  5 ball pythons
  2 bats (D:1)
  A giant gecko zombie (D:7)
  5 giant newts
  2 jackal zombies
  11 rats
  14 fungi
  3 plants
767 creatures vanquished.

Vanquished Creatures (collateral kills)
  2 hydras
  A sun demon (Lair:8)
  A sixfirhy (Lair:8)
  A smoke demon (Lair:8)
  3 orange demons (Lair:8)
  An ice devil (Lair:8)
  2 red devils (Lair:8)
  4 orc warriors (Orc:2)
  An ogre (Orc:2)
  An orc priest (Orc:2)
  3 sheep (D:11)
  4 orcs
24 creatures vanquished.

Vanquished Creatures (others)
  2 bushes (Lair:1)
  50 fungi
  16 plants
68 creatures vanquished.

Grand Total: 859 creatures vanquished

Notes
Turn   | Place    | Note
--------------------------------------------------------------
     0 | D:1      | Lathuz the Minotaur Berserker began the quest for the Orb.
     0 | D:1      | Reached XP level 1. HP: 19/19 MP: 0/0
   335 | D:1      | Reached XP level 2. HP: 27/27 MP: 1/1
   353 | D:1      | Reached skill level 4 in Axes
   583 | D:1      | Reached ** piety under Trog
   759 | D:1      | Reached XP level 3. HP: 33/33 MP: 2/2
  1024 | D:2      | Reached skill level 5 in Axes
  1348 | D:2      | Found a shattered altar of Ashenzari.
  1676 | D:3      | Found a sacrificial altar of Ru.
  1746 | D:3      | Found a white marble altar of Elyvilon.
  1773 | D:3      | Reached XP level 4. HP: 39/40 MP: 3/3
  1837 | D:3      | Found an iron altar of Okawaru.
  1917 | D:3      | Reached *** piety under Trog
  1956 | D:3      | Noticed Bubs's ghost (novice FoFi)
  1966 | D:3      | Killed Bubs's ghost
  1966 | D:3      | Reached skill level 8 in Axes
  1966 | D:3      | Reached XP level 5. HP: 46/46 MP: 4/4
  1966 | D:3      | Reached XP level 6. HP: 52/52 MP: 5/5
  2022 | D:3      | Found a faded altar to an unknown god.
  2023 | D:3      | Noticed a sky beast
  2036 | D:3      | Killed a sky beast
  2036 | D:3      | Reached skill level 9 in Axes
  2223 | D:3      | Noticed an air elemental
  2253 | D:3      | Found a stormy altar of Qazlal.
  2255 | D:3      | Noticed a fire elemental
  2256 | D:3      | Noticed a water elemental
  2333 | D:3      | Noticed Natasha
  2339 | D:3      | Killed Natasha
  2489 | D:3      | Noticed Crazy Yiuf
  2494 | D:3      | Killed Crazy Yiuf
  2494 | D:3      | Reached XP level 7. HP: 59/59 MP: 6/6
  2690 | D:4      | Found Kaolaxtu's Book Boutique.
  2892 | D:4      | Found a shimmering altar of Xom.
  2892 | D:4      | Found a snail-covered altar of Cheibriados.
  3026 | D:4      | Noticed Chiseanne's ghost (amateur DEAM)
  3080 | D:4      | Killed Chiseanne's ghost
  3082 | D:4      | Reached skill level 10 in Axes
  3188 | D:4      | Found a shadowy altar of Dithmenos.
  3475 | D:5      | Entered Level 5 of the Dungeon
  3646 | D:5      | Reached XP level 8. HP: 66/66 MP: 7/7
  3798 | D:5      | Reached **** piety under Trog
  3841 | D:5      | Found a staircase to the Ecumenical Temple.
  3846 | Temple   | Entered the Ecumenical Temple
  3919 | D:5      | Reached skill level 11 in Axes
  3978 | D:5      | Found a shadowy altar of Dithmenos.
  4048 | D:5      | Found Habixomo's Antique Armour Shoppe.
  4069 | D:5      | Bought a pair of runed gloves for 108 gold pieces
  4165 | D:5      | Reached skill level 5 in Armour
  4700 | D:6      | Reached skill level 12 in Axes
  5030 | D:6      | Found a basalt altar of Yredelemnul.
  5043 | D:6      | Reached skill level 5 in Fighting
  5637 | D:7      | Reached XP level 9. HP: 74/74 MP: 8/8
  6228 | D:7      | Reached ***** piety under Trog
  6524 | D:7      | Found a blossoming altar of Fedhas.
  6691 | D:8      | You fall through a shaft for 2 floors!
  6691 | D:10     | Entered Level 10 of the Dungeon
  6918 | D:8      | Received a gift from Trog
  7224 | D:8      | Noticed Psyche
  7229 | D:8      | Killed Psyche
  7350 | D:8      | Found a sparkling altar of Nemelex Xobeh.
  7635 | D:8      | Found an opulent altar of Gozag.
  8200 | D:9      | Reached XP level 10. HP: 86/91 MP: 9/9
  8231 | D:9      | Reached skill level 10 in Armour
  8596 | D:9      | Received a gift from Trog
  8772 | D:10     | Found a staircase to the Orcish Mines.
  8957 | D:10     | Reached skill level 13 in Axes
  9134 | D:10     | Noticed a hill giant
  9135 | D:10     | Reached skill level 10 in Fighting
  9137 | D:10     | Killed a hill giant
  9620 | D:11     | Reached skill level 14 in Axes
  9820 | D:11     | Reached XP level 11. HP: 84/101 MP: 10/10
 10044 | D:11     | Found a staircase to the Lair.
 10441 | D:11     | Noticed a brown ugly thing
 10453 | D:11     | Killed a brown ugly thing
 10806 | D:11     | Noticed a brown ugly thing
 10864 | Lair:1   | Entered Level 1 of the Lair of Beasts
 11031 | Lair:1   | Reached skill level 15 in Axes
 11300 | Lair:1   | Noticed an eight-headed hydra
 11526 | Lair:1   | Killed a ten-headed hydra
 11984 | Lair:2   | Noticed Gastronok
 11999 | Lair:2   | Killed Gastronok
 11999 | Lair:2   | Reached skill level 16 in Axes
 12143 | Lair:2   | Noticed Fannar
 12164 | Lair:2   | Killed Fannar
 13283 | Lair:3   | Reached XP level 12. HP: 106/113 MP: 11/11
 13302 | Lair:3   | Found a hole to the Spider Nest.
 13357 | Lair:3   | Found a runed door.
 14162 | Lair:4   | Received a gift from Trog
 14686 | Lair:4   | Reached skill level 17 in Axes
 15110 | Lair:5   | Noticed a death yak
 15125 | Lair:5   | Killed a death yak
 15329 | Lair:5   | Reached XP level 13. HP: 120/123 MP: 12/12
 15417 | Lair:5   | Found a staircase to the Shoals.
 15573 | Lair:5   | Noticed Snorg
 15580 | Lair:5   | Killed Snorg
 15662 | Lair:5   | Reached ****** piety under Trog
 15667 | Lair:5   | Received a gift from Trog
 16868 | Lair:6   | Got a brightly glowing bone ring
 17110 | Lair:6   | Received a gift from Trog
 17115 | Lair:6   | Got an ancient executioner's axe {god gift}
 17116 | Lair:6   | Identified the +7 executioner's axe of the Snake Pit {chop, rPois Dex+3 SInv} (Trog gifted it to you on level 6 of the Lair of Beasts)
 17349 | Lair:6   | Reached skill level 18 in Axes
 18008 | Lair:7   | Reached skill level 15 in Armour
 18274 | Lair:7   | Received a gift from Trog
 18311 | Lair:7   | Found a viscous altar of Jiyva.
 18312 | Lair:7   | Found a staircase to the Slime Pits.
 18444 | Lair:8   | Entered Level 8 of the Lair of Beasts
 18454 | Lair:8   | Reached skill level 15 in Fighting
 18456 | Lair:8   | Reached XP level 14. HP: 111/135 MP: 13/13
 18955 | Lair:8   | Reached skill level 19 in Axes
 19618 | Lair:8   | Found a burning altar of Makhleb.
 19639 | Lair:8   | Found a gateway to Hell.
 20096 | Lair:8   | Received a gift from Trog
 20426 | Lair:8   | Found a shattered altar of Ashenzari.
 20877 | Orc:1    | Entered Level 1 of the Orcish Mines
 20996 | Orc:1    | Found Othrunwur's Book Shoppe.
 21238 | Orc:2    | Entered Level 2 of the Orcish Mines
 21250 | Orc:2    | Noticed an orc warlord
 21264 | Orc:2    | Killed an orc warlord
 21456 | Orc:2    | Reached skill level 20 in Axes
 21470 | Orc:2    | Found a roughly hewn altar of Beogh.
 21519 | Orc:2    | Found Rutuajalo's Antique Armour Emporium.
 21555 | Orc:2    | Reached XP level 15. HP: 46/144 MP: 14/14
 21603 | Orc:2    | Noticed an orc warlord
 21630 | Orc:1    | Noticed Moloch's ghost (journeyman HOFi)
 21640 | Orc:1    | Killed Moloch's ghost
 22013 | Orc:2    | Killed an orc warlord
 22331 | Orc:1    | Received a gift from Trog
 22626 | Orc:2    | Upgraded the game from 0.18.1-6-gd335043 to 0.18.1-8-gdd0e5ea
 22765 | Orc:2    | Found Ishraxt's Antique Weapon Emporium.
 22843 | Orc:2    | Found Tehaf's General Store.
 22869 | Orc:2    | Found a staircase to the Elven Halls.
 22887 | Orc:2    | Found Foriaqocymn's Book Emporium.
 23287 | Spider:1 | Entered Level 1 of the Spider Nest
 23436 | Spider:1 | Blown up by an orb spider

Skill      XL: |  1  2  3  4  5  6  7  8  9 10 11 12 13 14 |
---------------+-------------------------------------------+-----
Fighting       | 4 5 9 10 12 13 15 16 | 16.6
Axes           | 4 5 8 9 10 12 14 16 17 18 20 | 20.5
Armour         | 4 6 9 10 13 15 16 | 16.6
Dodging        | |  2.1

Action                   |  1- 3 |  4- 6 |  7- 9 | 10-12 | 13-15 || total
-------------------------+-------+-------+-------+-------+-------++-------
Melee: Hand axe          |   111 |    31 |    67 |       |       ||   209
       Headbutt          |    17 |     8 |    64 |   136 |   150 ||   375
       War axe           |       |       |   273 |    34 |       ||   307
       Battleaxe         |       |       |     2 |   525 |    95 ||   622
       Executioner's axe |       |       |       |       |   555 ||   555
Throw: Stone             |       |       |       |       |     7 ||     7
Invok: Berserk           |       |     2 |     6 |     7 |    15 ||    30
       Trog's Hand       |       |       |     1 |     1 |     5 ||     7
       Brothers in Arms  |       |       |       |     3 |     6 ||     9
       Burn Spellbooks   |       |       |       |     1 |     2 ||     3
  Use: Scroll            |       |       |    15 |     6 |     1 ||    22
  Eat: Chunk             |     2 |       |    24 |    30 |    31 ||    87
       Bread ration      |       |     1 |       |       |     1 ||     2
       Fruit             |       |       |     2 |     3 |     9 ||    14
       Meat ration       |       |       |       |       |     1 ||     1
Armor: Animal skin       |     5 |       |       |       |       ||     5
       Plate armour      |    48 |    17 |   205 |   378 |   763 ||  1411
       Chain mail        |     3 |       |       |       |       ||     3
Dodge: Dodged            |    42 |     4 |   120 |   218 |   394 ||   778
